 Dungeon Crawl Stone Soup version 0.29-a0-770-g2e8140cf71 (webtiles) character file.

Game seed: 15052997304736395254

15119 Conn the Arsonist (level 12, -4/69 HPs)
             Began as an Octopode Fire Elementalist on July 1, 2022.
             Was a Priest of Sif Muna.
             Slain by an orc warrior
             ... wielding a +0 glaive
              (24 damage)
             ... on level 1 of the Orcish Mines.
             The game lasted 01:02:06 (15976 turns).

Conn the Arsonist (Octopode Fire Elementalist)     Turns: 15976, Time: 01:02:07

Health: -4/69      AC:  1    Str:  7    XL:     12   Next: 23%
Magic:  11/26      EV: 13    Int: 28    God:    Sif Muna [***...]
Gold:   1195       SH: 10    Dex: 13    Spells: 12/32 levels left

rFire   . . .      SeeInvis .   J - +3 dagger (elec)
rCold   + . .      Faith    .   r - +1 buckler {rC+}
rNeg    . . .      Spirit   .   (helmet restricted)
rPois   +          Reflect  +   I - amulet of reflection
rElec   .          Harm     .   G - +6 ring of intelligence
rCorr   .          Rampage  .   (no ring)
Will    +....                   (no ring)
Stlth   ++++......              (no ring)
HPRegen 0.21/turn               (no ring)
MPRegen 0.20/turn               (no ring)
                                (no ring)
                                (no ring)

@: no status effects
A: almost no armour, amphibious, 8 rings, camouflage 1, gelatinous body 1,
(nimble swimmer 1), tentacles, strong-willed 1, poison resistance
a: Renounce Religion, Channel Magic, Forget Spell


You were on level 1 of the Orcish Mines.
You worshipped Sif Muna.
Sif Muna was most pleased with you.
You visited 3 branches of the dungeon, and saw 14 of its levels.
You also visited: Sewer, Ossuary, Bailey and Ice Cave.

You collected 1195 gold pieces.

Inventory:

Hand Weapons
 b - a +0 dagger
 J - a +3 dagger of electrocution (weapon)
Armour
 r - a +1 buckler of cold resistance (worn)
Magical Staves
 s - a staff of poison
 D - a staff of earth
Jewellery
 e - an amulet of guardian spirit
 q - the ring "Tazoic" {rElec rC- Will+ EV+4}
   (You took it off a white draconian in an ice cave)

   [ring of evasion]

   EV:        It affects your evasion (+4).
   rC:        It makes you vulnerable to cold.
   rElec:     It insulates you from electricity.
   Will:      It increases your willpower.
 u - an amulet of regeneration
 G - a +6 ring of intelligence (left tentacle)
 I - an amulet of reflection (around mantle)
Wands
 f - a wand of flame (18)
 l - a wand of iceblast (18)
 t - a wand of mindburst (15)
 y - a wand of polymorph (7)
 H - a wand of acid (11)
Scrolls
 c - a scroll of vulnerability
 g - 2 scrolls of teleportation
 h - 3 scrolls of noise
 j - 4 scrolls of enchant armour
 n - 3 scrolls of fog
 w - a scroll of blinking
 x - a scroll of magic mapping
 E - 2 scrolls of fear
Potions
 a - 2 potions of magic
 d - 10 potions of curing
 i - 2 potions of berserk rage
 k - 4 potions of lignification
 m - 3 potions of degeneration
 o - 5 potions of haste
 p - a potion of mutation
 v - 2 potions of brilliance
 z - 3 potions of flight
 B - 2 potions of invisibility
 C - a potion of might
 K - a potion of cancellation


   Skills:
 + Level 1.6 Fighting
 + Level 1.3 Short Blades
 + Level 3.8 Dodging
 + Level 5.5 Stealth
 * Level 1.9 Shields
 + Level 10.8 Spellcasting
 + Level 8.4 Conjurations
 + Level 1.9 Hexes
 + Level 10.9 Fire Magic
 * Level 6.1 Invocations
 + Level 1.4 Evocations


You had 12 spell levels left.
You knew the following spells:

 Your Spells              Type           Power      Damage    Failure   Level
a - Foxfire               Conj/Fire      100%       2x1d9     1%          1
b - Conjure Flame         Conj/Fire      62%        6-21      1%          3
c - Inner Flame           Hex/Fire       50%        N/A       1%          3
d - Flame Wave            Conj/Fire      62%        2d12      1%          4
e - Scorch                Fire           100%       2d10      1%          2
f - Dazzling Flash        Conj/Hex       88%        N/A       1%          3
g - Sticky Flame          Conj/Fire      62%        2d8       1%          4

Your spell library contained the following spells:

 Spells                   Type           Power      Damage    Failure   Level
 Static Discharge         Conj/Air       38%        3-8/arc   1%          2
 Ensorcelled Hibernation  Hex/Ice        40%        N/A       4%          2
 Spider Form              Tmut/Pois      15%        N/A       14%         3
 Anguish                  Hex/Necr       10%        N/A       32%         4
 Dispel Undead            Necr           15%        3d10      43%         4
 Silence                  Hex/Air        10%        N/A       65%         5
 Agony                    Necr           15%        N/A       80%         5


Dungeon Overview and Level Annotations

Branches:
Dungeon (12/15)            Temple (1/1) D:7             Orc (1/2) D:10
  Sewer (visited)         Ossuary (visited)          Bailey (visited)
  IceCv (visited)
   Lair: D:8-11

Altars:
Ashenzari
Cheibriados
Dithmenos
Elyvilon
Hepliaklqana
Kikubaaqudgha
Makhleb
Nemelex Xobeh
Qazlal
Ru
Sif Muna
Trog
Zin

Shops:
D:2 (


Innate Abilities, Weirdness & Mutations

You cannot wear most types of armour.
You are amphibious.
You can wear up to eight rings at the same time.
Your skin changes colour to match your surroundings (Stealth+).
Your rubbery body absorbs attacks. (AC +1, EV +1)
((You are camouflaged when in or above water. (Stealth+)))
You have tentacles for arms and can constrict up to eight enemies at once.
You are strong-willed. (Will+)
Your system is resistant to poisons. (rPois)


Message History

Casting: Foxfire (safe; 1% risk of failure)
Confirm with . or Enter, or press ? or * to list all spells.
You conjure some foxfire!
Unknown command.
Casting: Foxfire (safe; 1% risk of failure)
Confirm with . or Enter, or press ? or * to list all spells.
You conjure some foxfire!
An orc warrior comes into view. It is wielding a +0 glaive.
Unknown command.
Casting: Foxfire (safe; 1% risk of failure)
Confirm with . or Enter, or press ? or * to list all spells.
You conjure some foxfire!
The foxfire hits the orc priest!
The orc priest is heavily wounded.
The foxfire hits the orc priest!
You kill the orc priest!
Sif Muna accepts your kill.
Your foxfire dissipates!
Your foxfire dissipates!
An orc comes into view. It is wielding a +0 dagger.
Casting: Foxfire (safe; 1% risk of failure)
Confirm with . or Enter, or press ? or * to list all spells.
You conjure some foxfire!
The orc shouts!
Your foxfire dissipates!
Unknown command.
Casting: Foxfire (safe; 1% risk of failure)
Confirm with . or Enter, or press ? or * to list all spells.
Flames lash the orc warrior.
The orc warrior is moderately wounded.
The orc warrior's fire resistance burns away.
The foxfire hits the orc warrior.
The orc warrior is burned terribly!
The orc warrior is heavily wounded.
The foxfire hits the orc warrior.
The orc warrior is burned terribly!
The orc warrior is severely wounded.
Casting: Scorch (safe; 1% risk of failure)
Confirm with . or Enter, or press ? or * to list all spells.
Flames lash the orc warrior.
The orc warrior is burned terribly!
The orc warrior is almost dead.
The orc warrior hits you from afar with a +0 glaive!!
You die...

.#..........##
.............##
.....)........##
.$.............#
....##......#..##
#.$ #..........#
.# .#.........##
#...>...§..#
........§§@.#
........§§..##
.........o###
.........##
......#o#
.....§)^. .....v.
.....


You could see an orc warrior (combustible) and an orc.

Vanquished Creatures
  A white draconian (IceCv)
  An ettin (Orc:1)
  2 boulder beetles (D:11)
  A two-headed ogre (D:12)
  A cyclops (D:12)
  2 ice statues (IceCv)
  Maggie (D:9)
  4 rime drakes (IceCv)
  A komodo dragon (D:11)
  A hornet (D:8)
  A troll (D:10)
  Grinder (D:5)
  Prince Ribbit (D:7)
  Sigmund (D:3)
  2 shadows
  5 yaks
  A wraith (D:9)
  4 vampire mosquitoes (D:11)
  2 steam dragons
  Menkaure (D:5)
  2 wargs (Orc:1)
  A water moccasin (Sewer)
  An acid dragon (D:12)
  7 orc warriors
  An ice beast (D:7)
  A black bear (D:7)
  An ogre (D:7)
  A sky beast (D:7)
  3 centaurs
  2 phantoms
  4 kobold brigands
  4 bullfrogs
  4 scorpions
  A gnoll sergeant (D:10)
  5 wights (D:10)
  2 lindwurm simulacra (IceCv)
  16 killer bees
  6 howler monkeys
  2 electric eels (D:8)
  2 jellies
  7 komodo dragon simulacra (IceCv)
  2 hounds
  Crazy Yiuf (D:4)
  A bouda (D:7)
  9 orc priests
  18 orc wizards
  Jessica (D:3)
  Ijyb (D:5)
  5 iguanas
  8 mummies (Ossuary)
  7 gnolls
  7 acid dragon simulacra (IceCv)
  11 adders
  A river rat (D:3)
  3 white imps
  5 steam dragon simulacra (IceCv)
  3 ufetubi
  2 worms
  A dart slug (D:1)
  71 orcs
  4 endoplasms
  4 giant cockroaches
  10 goblins
  6 hobgoblins
  7 jackals
  8 quokkas
  4 ball pythons
  5 bats (D:1)
  2 frilled lizards (D:1)
  3 hobgoblin zombies (Ossuary)
  31 kobolds
  3 kobold zombies (Ossuary)
  2 orc zombies (Ossuary)
  3 rats
  A spectral kobold (D:10)
357 creatures vanquished.

Vanquished Creatures (collateral kills)
  A yak (D:7)
  2 bullfrogs (D:11)
  A scorpion (D:11)
  A howler monkey (D:11)
  A foxfire (D:8)
6 creatures vanquished.

Vanquished Creatures (others)
  1277 foxfires
  33 fungi (D:11)
  45 plants
1355 creatures vanquished.

Grand Total: 1718 creatures vanquished

Notes
Turn   | Place    | Note
-------+----------+-------------------------------------------
     0 | D:1      | Conn the Octopode Fire Elementalist began the quest for the
                  | Orb.
     0 | D:1      | Reached XP level 1. HP: 11/11 MP: 3/3
    45 | D:1      | Found a faded altar of an unknown god.
   237 | D:1      | Reached XP level 2. HP: 17/17 MP: 0/5
   865 | D:1      | Reached XP level 3. HP: 21/21 MP: 3/6
  1053 | D:1      | Learned a level 2 spell: Scorch
  1057 | D:1      | Learned a level 3 spell: Conjure Flame
  1615 | D:2      | Found Eqarien's Weapon Shop.
  1637 | D:2      | Reached XP level 4. HP: 27/27 MP: 3/7
  2162 | D:3      | Noticed Sigmund
  2171 | D:3      | Killed Sigmund
  2172 | D:3      | Reached XP level 5. HP: 31/31 MP: 0/10
  2172 | D:3      | Reached XP level 6. HP: 36/36 MP: 0/11
  2511 | D:3      | Noticed Jessica
  2516 | D:3      | Killed Jessica
  2596 | D:3      | Found a glowing drain.
  2612 | Sewer    | Entered a sewer
  2704 | Sewer    | Noticed a water moccasin
  2708 | Sewer    | Killed a water moccasin
  2709 | Sewer    | Reached skill level 5 in Fire Magic
  3075 | D:3      | Reached XP level 7. HP: 25/41 MP: 5/12
  3304 | D:3      | Found a burning altar of Makhleb.
  4621 | D:4      | Reached XP level 8. HP: 47/47 MP: 10/14
  4652 | D:4      | Found a runed translucent door.
  4653 | D:4      | Noticed Crazy Yiuf
  4668 | D:4      | Learned a level 3 spell: Inner Flame
  4673 | D:4      | Learned a level 4 spell: Flame Wave
  4677 | D:4      | Learned a level 3 spell: Dazzling Flash
  4751 | D:4      | Killed Crazy Yiuf
  4826 | D:5      | Entered Level 5 of the Dungeon
  4877 | D:5      | Reached skill level 5 in Stealth
  4877 | D:5      | Reached skill level 5 in Spellcasting
  5048 | D:5      | Noticed Menkaure
  5054 | D:5      | Killed Menkaure
  5067 | D:5      | Noticed Ijyb
  5075 | D:5      | Killed Ijyb
  5202 | D:5      | Found a sand-covered staircase.
  5206 | Ossuary  | Entered an ossuary
  5694 | D:5      | Reached skill level 5 in Conjurations
  5694 | D:5      | Reached XP level 9. HP: 52/52 MP: 11/17
  5791 | D:5      | Noticed Grinder
  5801 | D:5      | Paralysed by Grinder for 3 turns
  5806 | D:5      | Killed Grinder
  5931 | D:5      | Reached skill level 1 in Fighting
  7131 | D:7      | Reached skill level 1 in Evocations
  7837 | D:7      | Reached XP level 10. HP: 58/58 MP: 16/21
  8094 | D:7      | Found a sacrificial altar of Ru.
  8109 | D:7      | Noticed Prince Ribbit
  8117 | D:7      | Killed Prince Ribbit
  8239 | D:7      | Learned a level 4 spell: Sticky Flame
  8410 | D:7      | Found a staircase to the Ecumenical Temple.
  8420 | Temple   | Entered the Ecumenical Temple
  8439 | Temple   | Became a worshipper of Sif Muna the Loreminder
  8657 | D:8      | Found a flagged portal.
  8685 | D:8      | Reached skill level 1 in Short Blades
  8782 | Bailey   | Entered a bailey
  9064 | D:8      | Reached skill level 1 in Hexes
  9273 | D:8      | Reached * piety under Sif Muna
  9356 | D:8      | Found a white marble altar of Elyvilon.
 10264 | D:9      | Reached skill level 1 in Invocations
 10497 | D:9      | Noticed Maggie
 10506 | D:9      | Killed Maggie
 11392 | D:10     | Entered Level 10 of the Dungeon
 11407 | D:10     | Reached XP level 11. HP: 63/63 MP: 16/24
 11568 | D:10     | Reached ** piety under Sif Muna
 12720 | D:10     | Found a staircase to the Orcish Mines.
 12739 | D:9      | HP: 1/63 [orc warrior/+2 war axe of flaming (8)]
 13387 | D:10     | Found a hazy altar of Hepliaklqana.
 13461 | D:11     | Noticed a boulder beetle
 13588 | D:11     | Noticed a boulder beetle
 13600 | D:11     | Killed a boulder beetle
 13613 | D:11     | Reached *** piety under Sif Muna
 13613 | D:11     | Noticed a manticore
 13667 | D:12     | Gained mutation: Your system is resistant to poisons.
                  | (rPois) [potion of mutation]
 13667 | D:12     | Gained mutation: You are strong-willed. (Will+) [potion of
                  | mutation]
 13723 | D:12     | Noticed a two-headed ogre
 13729 | D:12     | Killed a two-headed ogre
 13730 | D:12     | Reached skill level 10 in Spellcasting
 13778 | D:12     | Found a frozen archway.
 13787 | IceCv    | Entered an ice cave
 13984 | IceCv    | Reached skill level 10 in Fire Magic
 14124 | IceCv    | Reached skill level 5 in Invocations
 14860 | IceCv    | Noticed a white draconian
 14991 | IceCv    | Identified the ring "Tazoic" {rElec rC- Will+ EV+4}
 15005 | IceCv    | Killed a white draconian
 15389 | D:12     | Noticed a cyclops
 15396 | D:12     | Killed a cyclops
 15397 | D:12     | Reached XP level 12. HP: 69/69 MP: 17/26
 15533 | D:11     | Killed a boulder beetle
 15534 | D:11     | Reached skill level 1 in Shields
 15783 | D:11     | Noticed a boulder beetle
 15890 | Orc:1    | Entered Level 1 of the Orcish Mines
 15944 | Orc:1    | Noticed an ettin
 15952 | Orc:1    | Killed an ettin
 15976 | Orc:1    | Slain by an orc warrior

Illustrated notes

Levels and vault maps discovered:
D:1:      eino_arrival_cavern_a, layout_basic,
          shapermc_ecumenical_altar_totnotflames, kennysheep_another_room,
          bh_walls_and_bars
D:2:      layout_basic, serial_shops, nicolae_shop_waterfront
D:3:      layout_loops_ring, lightli_temple_of_fire, portal_sewer_entry_a,
          chequers_serial_rivers_micro_b, wad_rectangle_vault, uniq_jessica,
          uniq_sigmund
D:4:      layout_basic, serial_glass, glass_columns_a, glass_columns_a,
          glass_columns_a, glass_columns_b, glass_columns_b, glass_columns_b,
          uniq_crazy_yiuf_cottage
D:5:      layout_rooms, enter_ossuary_5, dk_vineyard_1, minmay_misc_feat_roman,
          uniq_menkaure, uniq_grinder, uniq_ijyb
D:6:      layout_basic
D:7:      layout_rooms, nicolae_ru_sacrificial_ziggurat,
          minmay_temple_entry_fiery, uniq_prince_ribbit1
D:8:      layout_basic, nicolae_elyvilon_temple_path, enter_bailey_5
D:9:      layout_irregular_city, uniq_maggie
D:10:     layout_loops_cross, nicolae_hepliaklqana_monster_ancestors,
          hiddenorc2_lemuel
D:11:     layout_gridville, due_lair_maze_entry_diamond, okawaru_trees_1
D:12:     layout_irregular_city, serial_glass, glass_columns_a, glass_columns_a,
          portal_ice_cave_entry_pillars_2
Temple:   regret_index_temple_mists
Orc:1:    layout_caves, basic_altar

Skill      XL: |  1  2  3  4  5  6  7  8  9 10 11 12 |
---------------+-------------------------------------+-----
Stealth        | 3 4 5 |  5.5
Spellcasting   | 3 4 5 7 9 10 | 10.8
Conjurations   | 2 3 5 6 7 8 |  8.4
Fire Magic     | 4 5 7 8 9 10 | 10.9
Dodging        | 3 |  3.8
Fighting       | 1 |  1.6
Evocations     | 1 |  1.4
Short Blades   | 1 |  1.3
Hexes          | 1 |  1.9
Invocations    | 2 5 6 |  6.1
Shields        | 1 |  1.9

Action                   |  1- 3 |  4- 6 |  7- 9 | 10-12 || total
-------------------------+-------+-------+-------+-------++-------
Melee: Dagger            |    14 |    19 |    23 |    20 ||    76
       Constrict         |     6 |     3 |     8 |     5 ||    22
       Unarmed           |     1 |       |       |       ||     1
       Tentacles         |     1 |     3 |    10 |     6 ||    20
       Punch             |       |     1 |       |       ||     1
Throw: Dart              |       |       |       |     1 ||     1
 Cast: Foxfire           |    66 |    39 |   270 |   368 ||   743
       Scorch            |       |     2 |    25 |   101 ||   128
       Dazzling Flash    |       |       |     2 |     5 ||     7
       Inner Flame       |       |       |     2 |    25 ||    27
       Flame Wave        |       |       |     2 |    15 ||    17
       Conjure Flame     |       |       |       |    11 ||    11
       Sticky Flame      |       |       |       |     7 ||     7
Evoke: Wand              |       |     1 |     9 |     7 ||    17
  Use: Potion            |       |       |     2 |     9 ||    11
       Scroll            |       |       |       |    18 ||    18
 Stab: Sleeping          |       |     4 |     2 |     3 ||     9
Armor: Skin              |     5 |       |     5 |    15 ||    25
Dodge: Dodged            |    28 |     5 |    36 |    55 ||   124
Block: Other             |       |       |       |    12 ||    12
       Reflection        |       |       |       |     1 ||     1
       Buckler           |       |       |       |     9 ||     9

Table legend: (Time is in decaauts)
 A = Elapsed time spent in this place.
 B = Non-inter-level travel time spent in this place.
 C = Inter-level travel time spent in this place.
 D = Time resting spent in this place.
 E = Time spent auto-exploring this place.
 F = Levels seen in this place.
 G = Mean time per level.
                   A        B        C        D        E       F      G
               +--------+--------+--------+--------+--------+-----+--------+
         Total |  15952 |  15762 |    190 |    630 |  11591 |  18 |  886.2 |
       Dungeon |  13686 |  13511 |    175 |    607 |  10017 |  12 | 1140.5 |
        Temple |     34 |     19 |     15 |      0 |      0 |   1 |   34.0 |
  Orcish Mines |     85 |     85 |      0 |      9 |     38 |   1 |   85.0 |
         Sewer |    193 |    193 |      0 |      0 |    141 |   1 |  193.0 |
       Ossuary |    335 |    335 |      0 |      0 |    163 |   1 |  335.0 |
        Bailey |     45 |     45 |      0 |      3 |      6 |   1 |   45.0 |
      Ice Cave |   1570 |   1570 |      0 |     11 |   1226 |   1 | 1570.0 |
               +--------+--------+--------+--------+--------+-----+--------+

Top non-repeatable levels by time:
     D:9: 1965 daAuts
   IceCv: 1570 daAuts
    D:10: 1496 daAuts
     D:7: 1492 daAuts
     D:8: 1423 daAuts
     D:4: 1293 daAuts
     D:2: 1169 daAuts
     D:3: 1093 daAuts
     D:1: 1074 daAuts
     D:5: 1002 daAuts
     D:6: 913 daAuts
    D:11: 483 daAuts
 Ossuary: 335 daAuts
    D:12: 278 daAuts
   Sewer: 193 daAuts
